AoeStats
← scoop

Arena

510240344Analyzed
4v4 RM · 1d ago on Sep 30, 2026· 46m 6s· 8 players
Game mode
Random Map
Map size
Large (8 player)
Population
200
Speed
Normal
Resources
Standard
Victory
Conquest
Starting age
Dark Age
Ending age
Imperial Age
RankedLock teamsTeams togetherTeam positionsShared explorationLock speedFull tech treeHidden civsTurbo modeCheats
Victory
Defeat
🇨🇳 Khmer · China
1647
+14
🇪🇨 Teutons · Ecuador
1643
+14
🇵🇪 Bengalis · Peru
1620
+15
🇺🇸 Romans · United States
1581
+17
🇺🇾 Varangians · Uruguay
1714
-20
🇺🇾 Italians · Uruguay
1607
-15
🇺🇾 Danes · Uruguay
1557
-13
🇺🇾 Persians · Uruguay
1535
-12
scoop
10:54 Feudal Age
11:49 Double-Bit Axe
14:41 Castle Age
12:48 Horse Collar
15:53 Bow Saw
19:08 Loom
18:47 Pikeman
22:35 Wheelbarrow
25:05 Gold Mining
28:08 Imperial Age
25:54 Hand Cart
26:10 Masonry
26:01 Scale Mail Armor
27:00 Chain Mail Armor
26:55 Forging
26:48 Squires
26:12 Man-at-Arms
28:02 Ballistics
27:35 Long Swordsman
28:17 Halberdier
29:25 Conscription
28:47 Legionary
34:02 Iron Casting
33:18 Fletching
37:41 Chemistry
36:59 Ballistas
38:03 Capped Ram
38:04 Heavy Scorpion
46:15 Siege Engineers
EXILE | TurtleS3
10:08 Feudal Age
14:19 Castle Age
12:56 Double-Bit Axe
13:27 Horse Collar
19:37 Bow Saw
21:13 Heavy Plow
23:04 Wheelbarrow
22:15 Loom
23:45 Gold Mining
24:04 Fletching
27:35 Imperial Age
26:21 Scale Barding Armor
26:44 Hand Cart
27:53 Chain Barding Armor
27:38 Stone Mining
28:19 Bloodlines
28:09 Husbandry
27:30 Light Cavalry
28:23 Forging
27:50 Elite Battle Elephant
28:39 Husbandry
28:48 Paiks
28:33 Town Watch
28:24 Light Cavalry
30:11 Plate Barding Armor
30:21 Conscription
30:47 Forging
31:55 Gold Shaft Mining
32:59 Iron Casting
35:19 Blast Furnace
35:10 Guilds
36:15 Two-Man Saw
36:15 Mahayana
36:30 Crop Rotation
36:45 Bodkin Arrow
37:28 Bracer
38:30 Chemistry
37:54 Ballistics
41:16 Masonry
40:54 Siege Elephant
42:28 Siege Engineers
44:12 Architecture
43:38 Murder Holes
45:27 Fortified Wall
Kaladin Stormblessed
8:24 Feudal Age
6:39 Loom
9:00 Double-Bit Axe
11:30 Fletching
21:53 Castle Age
20:51 Horse Collar
21:47 Gold Mining
23:56 Bodkin Arrow
25:18 Guard Tower
25:51 Heavy Plow
26:05 Bow Saw
31:28 Heavy Plow
33:17 Wheelbarrow
32:30 Town Watch
33:42 Stone Mining
34:29 Hand Cart
35:25 Scale Barding Armor
38:27 Imperial Age
36:41 Bloodlines
36:43 Forging
37:13 Stone Shaft Mining
37:16 Chain Barding Armor
38:09 Iron Casting
38:38 Cavalier
39:53 Plate Barding Armor
39:43 Conscription
40:43 Blast Furnace
40:19 Guilds
39:56 Paladin
41:21 Crop Rotation
46:57 Two-Man Saw
小白
10:59 Feudal Age
13:40 Castle Age
11:53 Double-Bit Axe
12:03 Horse Collar
14:38 Bow Saw
16:37 Loom
18:45 Heavy Plow
20:26 Wheelbarrow
20:04 Gold Mining
21:45 Gold Shaft Mining
29:01 Imperial Age
27:06 Hand Cart
29:49 Double Crossbow
29:20 Heavy Scorpion
30:35 Conscription
31:20 Siege Engineers
32:42 Chemistry
31:15 Capped Ram
32:33 Ballistics
33:31 Siege Ram
35:11 Crop Rotation
36:48 Masonry
37:37 Scale Barding Armor
37:36 Husbandry
38:46 Stone Mining
39:28 Architecture
39:49 Town Watch
40:01 Murder Holes
40:44 Hoardings
42:00 Light Cavalry
42:50 Bloodlines
43:17 Chain Barding Armor
43:28 Forging
43:18 Hussar
45:08 Plate Barding Armor
45:52 Iron Casting
|FMG| Nadie
10:14 Feudal Age
11:33 Loom
11:52 Fletching
13:48 Double-Bit Axe
14:52 Horse Collar
21:46 Wheelbarrow
24:46 Castle Age
26:02 Bow Saw
26:03 Scale Mail Armor
27:51 Forging
28:18 Squires
30:56 Gambesons
38:22 Imperial Age
|FMG| twitch/JabsUY
10:12 Feudal Age
13:49 Castle Age
11:57 Double-Bit Axe
12:07 Horse Collar
12:49 Loom
15:03 Bow Saw
16:36 Wheelbarrow
19:14 Gold Mining
24:34 Imperial Age
23:48 Stone Mining
26:19 Chemistry
26:12 Guard Tower
27:29 Scale Mail Armor
27:40 Forging
29:33 Keep
29:20 Murder Holes
31:00 Fletching
31:41 Bombard Tower
31:42 Ballistics
31:59 Bodkin Arrow
32:04 Padded Archer Armor
36:28 Bracer
36:44 Leather Archer Armor
|FMG| pablomac12
10:31 Feudal Age
11:08 Loom
14:11 Castle Age
12:50 Double-Bit Axe
13:52 Horse Collar
16:46 Forging
18:00 Bloodlines
19:13 Wheelbarrow
18:55 Gold Mining
19:20 Arson
20:57 Scale Barding Armor
21:23 Town Watch
24:48 Bow Saw
25:12 Chain Barding Armor
26:34 Husbandry
27:06 Light Cavalry
28:49 Iron Casting
28:32 Heavy Plow
32:09 Gold Shaft Mining
34:39 Imperial Age
32:31 Masonry
33:41 Padded Archer Armor
34:40 Leather Archer Armor
34:28 Stone Mining
35:59 Chemistry
36:02 Ring Archer Armor
39:48 Architecture
42:04 Plate Barding Armor
42:29 Blast Furnace
41:58 Hussar
FMG | Camilo
10:01 Feudal Age
13:33 Castle Age
12:03 Double-Bit Axe
12:01 Horse Collar
14:49 Wheelbarrow
14:30 Bow Saw
14:24 Heavy Plow
16:22 Loom
22:21 Hand Cart
22:40 Gold Mining
27:09 Imperial Age
25:27 Scale Mail Armor
25:31 Stone Mining
26:01 Forging
25:36 Pikeman
26:16 Squires
27:14 Chain Mail Armor
28:25 Plate Mail Armor
27:18 Halberdier
29:23 Iron Casting
30:04 Town Watch
31:31 Blast Furnace
30:55 Conscription
31:10 Bloodlines
31:00 Husbandry
31:43 Scale Barding Armor
31:27 Cavalier
32:37 Fortified Wall
34:57 Light Cavalry
35:00 Vendel Legacy
36:28 Chain Barding Armor
38:41 Plate Barding Armor
41:19 Elite Varangian Guard
42:17 Masonry
42:04 Fletching
43:17 Treadmill Crane
44:11 Architecture
43:52 Arson
43:55 Gambesons
44:37 Gothikon
45:48 Murder Holes
Connection lost

Rejoining the realm…

Still unreachable

The connection could not be restored.

Session expired

The server has moved on; the page needs a fresh start.